 Seeded DCSS version 0.27-a0-1158-gaa87e14f67 (webtiles) character file.

Game seed: 6919691055512990457 (custom seed)

157 donath the Magician (level 5, -9/35 HPs)
             Began as an Octopode Hedge Wizard on May 16, 2021.
             Was an Initiate of Makhleb.
             Mangled by an ogre
             ... wielding a +0 giant club
              (30 damage)
             ... on level 3 of the Dungeon.
             The game lasted 00:19:26 (4405 turns).

donath the Magician (Octopode Hedge Wizard)         Turns: 4405, Time: 00:19:27

Health: -9/35      AC:  1    Str: 10    XL:     5   Next: 38%
Magic:  9/9        EV: 13    Int: 17    God:    Makhleb [......]
Gold:   134        SH:  0    Dex: 17    Spells: 5/10 levels left

rFire    . . .     SeeInvis .   m - +0 trident
rCold    . . .     Faith    .   (no shield)
rNeg     . . .     Spirit   .   b - +0 hat
rPois    .         Reflect  .   (no amulet)
rElec    .         Harm     .   q - +6 ring of dexterity
rCorr    .         Rampage  .   (no ring)
Will     .....                  (no ring)
Stlth    +++.......             (no ring)
HPRegen  0.11/turn              (no ring)
MPRegen  0.11/turn              (no ring)
                                (no ring)
                                (no ring)

@: no status effects
A: almost no armour, amphibious, 8 rings, camouflage 1, gelatinous body 1,
(nimble swimmer 1), tentacles
a: Renounce Religion


You were on level 3 of the Dungeon.
You worshipped Makhleb.
Makhleb was noncommittal.
You visited 2 branches of the dungeon, and saw 5 of its levels.

You collected 134 gold pieces.

Inventory:

Hand Weapons
 a - a +0 dagger
 m - a +0 trident (weapon)
 w - a +0 flail
Missiles
 c - 76 stones
 d - 42 arrows
 r - 21 bolts
 s - 15 sling bullets
Armour
 b - a +0 hat (worn)
 k - a +0 tower shield
Magical Staves
 n - a staff of cold
Jewellery
 e - a ring of fire
 q - a +6 ring of dexterity (left tentacle)
Scrolls
 i - a scroll of enchant weapon {unknown}
 j - a scroll of identify {unknown}
 l - 6 scrolls of acquirement {unknown}
 o - a scroll of fog {unknown}
 p - a scroll of fear {unknown}
 x - a scroll of magic mapping {unknown}
Potions
 f - a potion of magic {unknown}
 g - 2 potions of might {unknown}
 h - a potion of berserk rage {unknown}
 t - a potion of resistance {unknown}
 u - a potion of heal wounds {unknown}
 v - a potion of lignification {unknown}


   Skills:
 * Level 2.6 Fighting
 - Level 2.0 Dodging
 - Level 3.0 Stealth
 + Level 2.8 Unarmed Combat
 - Level 3.0 Spellcasting
 - Level 2.0 Conjurations
 * Level 1.5 Summonings
 - Level 0.1 Necromancy
 - Level 1.0 Translocations
 - Level 0.4 Earth Magic


You had 5 spell levels left.
You knew the following spells:

 Your Spells              Type           Power      Damage    Failure   Level
a - Magic Dart            Conj           36%        1d4       8%          1
b - Blink                 Tloc           N/A        N/A       17%         2
c - Call Imp              Summ           7%         N/A       14%         2

Your spell library contained the following spells:

 Spells                   Type           Power      Damage    Failure   Level
 Slow                     Hex            2%         N/A       26%         2
 Conjure Flame            Conj/Fire      5%         6-21      34%         3
 Mephitic Cloud           Conj/Pois/Air  4%         N/A       38%         3


Dungeon Overview and Level Annotations

Branches:
Dungeon (4/15)             Temple (1/1) D:4

Altars:
Ashenzari
Cheibriados
Elyvilon
Kikubaaqudgha
Makhleb
Nemelex Xobeh
Okawaru
Qazlal
Ru
Sif Muna
Trog
Uskayaw
Vehumet
Xom
Yredelemnul
Zin
The Shining One


Innate Abilities, Weirdness & Mutations

You cannot wear most types of armour.
You are amphibious.
You can wear up to eight rings at the same time.
Your skin changes colour to match your surroundings (Stealth+).
Your rubbery body absorbs attacks. (AC +1, EV +1)
((You are camouflaged near water. (Stealth+)))
You have tentacles for arms and can constrict up to eight enemies at once.


Message History

There are no items here.
You are no longer corroded.
Your crimson imp disappears in a puff of smoke!
Magic restored.
HP restored.
An ogre is nearby!
Unknown command.
Casting: Call Imp (safe; 14% risk of failure)
Confirm with . or Enter, or press ? or * to list all spells.
A beastly little devil appears in a puff of flame.
The ogre shouts!
You hear a bark!
Your crimson imp hits the ogre.
Reach: m) +0 trident
Press: ? - help, Dir - move target, f - ogre
Aim: an ogre, wielding a +0 giant club (lightly wounded, ally target, about 26% to evade your +0 trident)
You reach to attack!
You hit the ogre but do no damage.
The ogre is lightly wounded.
The ogre closely misses your crimson imp.
Your crimson imp hits the ogre.
Reach: m) +0 trident
Press: ? - help, Dir - move target, f/p - ogre
Aim: an ogre, wielding a +0 giant club (lightly wounded, ally target, about 26% to evade your +0 trident)
You could not reach far enough!
The ogre hits your crimson imp with a +0 giant club!
Your crimson imp hits the ogre.
Reach: m) +0 trident
Press: ? - help, Dir - move target, f/p - ogre
Aim: an ogre, wielding a +0 giant club (lightly wounded, ally target, about 26% to evade your +0 trident)
You reach to attack!
You hit the ogre.
The ogre is moderately wounded.
The ogre hits your crimson imp with a +0 giant club!!
Your crimson imp dies!
There is a stone staircase leading up here.
The ogre hits you with a +0 giant club!
You climb upwards.
There is a stone staircase leading down here.
Okay, then.
The ogre hits you with a +0 giant club!!
Ouch! That really hurt!
You die...

....##........##.#
#...#
....##........##.#
#...#
....##........##.#
#....
...............#.#
#....
.......####.##.#.#
#####.. .......#
#.##...# #......
.......####.###..#
#.###..
............# #..#
#.# #..
.......########.@#
#.# #..
'###...........O>#
#.###.. .#
#...###########
#.#<### .# ##.##
#.#.# ## #.#
#.#.### #.#
#####.#.... #.#
#.....##### #.#
#.##### #^# #.#


You could see an ogre.

Vanquished Creatures
  A jelly (D:4)
  An orc priest (D:2)
  3 adders
  2 dart slugs (D:1)
  8 orcs
  5 ball pythons
  3 endoplasms
  2 giant cockroaches
  8 goblins
  8 hobgoblins
  5 quokkas
  2 bats (D:1)
  4 frilled lizards
  3 kobolds
  7 rats
62 creatures vanquished.

Notes
Turn   | Place    | Note
-------+----------+-------------------------------------------
     0 | D:1      | donath the Octopode Hedge Wizard began the quest for the
                  | Orb.
     0 | D:1      | Reached XP level 1. HP: 11/11 MP: 4/4
   113 | D:1      | Reached skill level 1 in Fighting
   136 | D:1      | Reached XP level 2. HP: 18/18 MP: 3/6
   517 | D:1      | Reached XP level 3. HP: 9/24 MP: 1/7
   843 | D:1      | Reached skill level 1 in Unarmed Combat
  1596 | D:2      | Reached XP level 4. HP: 25/29 MP: 2/8
  1845 | D:2      | Found a faded altar of an unknown god.
  2439 | D:2      | Learned a level 2 spell: Blink
  2442 | D:2      | Learned a level 2 spell: Call Imp
  3122 | D:3      | Found a white marble altar of Elyvilon.
  3123 | D:3      | Found a basalt altar of Yredelemnul.
  3288 | D:3      | Reached XP level 5. HP: 26/34 MP: 4/9
  3370 | D:3      | Found a broken altar of Ashenzari.
  3533 | D:4      | Found a staircase to the Ecumenical Temple.
  3542 | Temple   | Entered the Ecumenical Temple
  3846 | Temple   | Became a worshipper of Makhleb the Destroyer
  3946 | D:4      | Noticed an ogre
  4062 | D:4      | Found a shimmering altar of Xom.
  4405 | D:3      | Mangled by an ogre

Illustrated notes

Levels and vault maps discovered:
D:1:      dpeg_arrival_arbitrary_a, layout_basic
D:2:      layout_loops_ring, shapermc_ecumenical_altar_mp_highgroup
D:3:      layout_basic, nicolae_overflow_hidden_temple, general_overflow_altar
D:4:      layout_basic, xom_butterflies, minmay_temple_entry_statues_pillars,
          grunt_decor_fettered, minmay_shop_grid_forest,
          amcnicky_mini_corridor_feature, serial_bayou_pond_e,
          grunt_ministairs_10
Temple:   oiseaux_autumnal_temple

Skill      XL: |  1  2  3  4 |
---------------+-------------+-----
Fighting       | 1 2 |  2.6
Stealth        | 3 |  3.0
Unarmed Combat | 1 2 |  2.8
Conjurations   | 2 |  2.0
Dodging        | |  2.0
Spellcasting   | |  3.0
Summonings     | |  1.5
Necromancy     | |  0.1
Translocations | |  1.0
Earth Magic    | |  0.4

Action                   |  1- 3 |  4- 6 || total
-------------------------+-------+-------++-------
Melee: Dagger            |    43 |       ||    43
       Constrict         |    10 |     6 ||    16
       Tentacles         |     7 |     7 ||    14
       Trident           |       |    36 ||    36
 Cast: Magic Dart        |    76 |    40 ||   116
       Call Imp          |       |     2 ||     2
       Blink             |       |     1 ||     1
 Stab: Sleeping          |       |     1 ||     1
Armor: Skin              |     2 |     2 ||     4
Dodge: Dodged            |    23 |    18 ||    41

Table legend: (Time is in decaauts)
 A = Elapsed time spent in this place.
 B = Non-inter-level travel time spent in this place.
 C = Inter-level travel time spent in this place.
 D = Time resting spent in this place.
 E = Time spent auto-exploring this place.
 F = Levels seen in this place.
 G = Mean time per level.
                   A        B        C        D        E       F      G
               +--------+--------+--------+--------+--------+-----+--------+
         Total |   4417 |   4320 |     97 |    312 |   3205 |   5 |  883.4 |
       Dungeon |   4093 |   4027 |     66 |    312 |   2950 |   4 | 1023.2 |
        Temple |    323 |    292 |     31 |      0 |    255 |   1 |  323.0 |
               +--------+--------+--------+--------+--------+-----+--------+

Top non-repeatable levels by time:
     D:1: 1433 daAuts
     D:3: 1197 daAuts
     D:2: 1012 daAuts
     D:4: 450 daAuts
  Temple: 323 daAuts
